 Dungeon Crawl Stone Soup version 0.26.1-11-gd32895ea62 (webtiles) character file.

Game seed: 1686574042578720033

6589 Zeld the Cruncher (level 11, -11/64 HPs)
             Began as an Octopode Gladiator on May 22, 2021.
             Was an Initiate of Okawaru.
             Mangled by a komodo dragon (31 damage)
             ... on level 9 of the Dungeon.
             The game lasted 00:15:34 (18265 turns).

Zeld the Cruncher (Octopode Gladiator)             Turns: 18265, Time: 00:15:34

Health: -11/64     AC:  3    Str: 16    XL:     11   Next: 2%
Magic:  11/11      EV: 14    Int: 11    God:    Okawaru [......]
Gold:   65         SH:  0    Dex: 14    Spells: 10/10 levels left

rFire    + . .     SeeInvis .   a - +4 quarterstaff
rCold    . . .     Faith    .   (shield currently unavailable)
rNeg     . . .     Spirit   .   r - +2 hat
rPois    +         Reflect  .   (no amulet)
rElec    .         Harm     .   j - ring of protection from fire
rCorr    .         Rampage  .   z - ring of poison resistance
Will     .....                  x - ring of wizardry
Stlth    ++........             w - ring of wizardry
HPRegen  0.20/turn              (no ring)
MPRegen  0.12/turn              (no ring)
                                (no ring)
                                (no ring)

@: no status effects
A: almost no armour, stealthy swim, amphibious, 8 rings, constrict 8, camouflage
1, gelatinous body 1
a: Renounce Religion


You were on level 9 of the Dungeon.
You worshipped Okawaru.
Okawaru was noncommittal.
You visited 2 branches of the dungeon, and saw 10 of its levels.
You also visited: Sewer.

You collected 416 gold pieces.
You spent 351 gold pieces at shops.

Inventory:

Hand Weapons
 a - a +4 quarterstaff (weapon)
Missiles
 c - 3 throwing nets
 d - 6 javelins
 q - 2 atropa-tipped darts
 s - 36 poisoned darts (quivered)
 A - 4 curare-tipped darts
 B - 8 boomerangs
Armour
 r - a +2 hat (worn)
Jewellery
 j - a ring of protection from fire (left tentacle)
 w - a ring of wizardry (on tentacle)
 x - a ring of wizardry (on tentacle)
 z - a ring of poison resistance (right tentacle)
Wands
 e - a wand of iceblast (18)
 m - a wand of enslavement (5)
 D - a wand of flame (34)
 E - a wand of digging (5)
Scrolls
 g - 3 scrolls of teleportation
 i - 5 scrolls of magic mapping
 l - 5 scrolls of remove curse
 o - a scroll of summoning {unknown}
 p - a scroll of amnesia
 y - a scroll of immolation {unknown}
Potions
 b - 2 potions of resistance {unknown}
 f - 8 potions of curing
 h - 2 potions of heal wounds
 k - a potion of haste
 n - 4 potions of lignification {unknown}
 t - 3 potions of might
 u - 9 potions of flight
 v - a potion of magic {unknown}
 C - a potion of mutation {unknown}
 F - a potion of cancellation {unknown}


   Skills:
 - Level 2.0 Fighting
 - Level 14.0 Staves
 * Level 8.4 Throwing
 - Level 3.0 Dodging


You had 10 spell levels left.
You didn't know any spells.
Your spell library contained the following spells:

 Spells                   Type           Power        Failure   Level
 Animate Skeleton         Necr           0%           10%         1
 Corona                   Hex            0%           10%         1
 Pain                     Necr           0%           10%         1
 Ensorcelled Hibernation  Hex/Ice        0%           14%         2
 Confusing Touch          Hex            0%           26%         3
 Dazzling Flash           Conj/Hex       0%           26%         3
 Tukima's Dance           Hex            0%           26%         3
 Vampiric Draining        Necr           0%           26%         3
 Animate Dead             Necr           0%           63%         4
 Agony                    Necr           0%           90%         5


Dungeon Overview and Level Annotations

Branches:
Dungeon (9/15)             Temple (1/1) D:6            Lair (0/6) D:9
  Sewer (visited)
    Orc: D:9-12

Altars:
Ashenzari
Cheibriados
Dithmenos
Elyvilon
Fedhas
Gozag
Hepliaklqana
Kikubaaqudgha
Makhleb
Nemelex Xobeh
Okawaru
Qazlal
Ru
Sif Muna
Trog
Uskayaw
Vehumet
Wu Jian
Xom
Yredelemnul
Zin
The Shining One

Shops:
D:5 [   D:8 [   D:9 !

Annotations:
D:5 4 runed translucent doors


Innate Abilities, Weirdness & Mutations

You cannot wear most types of armour.
You are very stealthy in the water. (Stealth+)
You are amphibious.
You can wear up to eight rings at the same time.
You can use your tentacles to constrict eight enemies at once.
Your skin changes colour to match your surroundings (Stealth+).
Your rubbery body absorbs attacks. (AC +1, EV +1)


Message History

The komodo dragon is lightly wounded.
You sock the komodo dragon! Your squeeze misses the komodo dragon.
The komodo dragon is moderately wounded.
The komodo dragon closely misses you.
You sock the komodo dragon!
The komodo dragon is heavily wounded.
You thump the komodo dragon! Your squeeze misses the komodo dragon.
The komodo dragon is severely wounded.
The komodo dragon bites you.
You sock the komodo dragon!
The komodo dragon is almost dead.
The komodo dragon bites you!!
* * * LOW HITPOINT WARNING * * *
You are too injured to fight recklessly!
You are too injured to fight recklessly!
You are too injured to fight recklessly!
There is an open door here.
You open the door.
The komodo dragon looks more healthy.
The komodo dragon bites you!!
You die...

........'..###......#
........#### #......#
........# #รท.....#
........# #......#
........# #......#
........# #......#
........# #......#
######'## ###'####
###..[# #@#### #...###
#.l..# ##.####
##########'## ......#
#...........#
).....####...........#
......##.'....###...##
......##.#....##...(P##
......##.#....#.....PP#
......#..#....#....PPP#


You could see a komodo dragon.

Vanquished Creatures
  Erica (D:9)
  Joseph (D:9)
  Psyche (D:9)
  Grinder (D:3)
  The ghost of solopath the Digger, an amateur FoEE of Dithmenos (D:5)
  The ghost of Zeld the Chucker, an amateur OpBr (D:4)
  Sigmund (D:2)
  A steam dragon (D:9)
  A water moccasin (D:8)
  Duvessa (D:7)
  2 ice beasts
  2 orc warriors
  A phantom (D:8)
  3 black bears
  7 ogres
  A centaur (D:6)
  A big kobold (Sewer)
  4 bullfrogs
  Dowan (D:7)
  3 scorpions
  12 killer bees
  3 wights (D:7)
  5 howler monkeys
  A centaur zombie (D:9)
  A bullfrog zombie (D:5)
  3 hounds
  5 orc priests
  A jelly (D:7)
  A centaur skeleton (D:8)
  An iguana (D:9)
  10 orc wizards
  Terence (D:2)
  7 worker ants
  A killer bee zombie (D:7)
  A bullfrog simulacrum (D:5)
  2 centaur simulacra (D:5)
  A hound skeleton (D:4)
  A howler monkey zombie (D:8)
  A worker ant zombie (D:5)
  10 gnolls
  A howler monkey skeleton (D:8)
  2 river rats (Sewer)
  12 adders
  A hound simulacrum (D:5)
  2 white imps
  A worker ant simulacrum (D:5)
  An ufetubus (D:5)
  An ooze (D:1)
  An adder zombie (D:6)
  2 dart slugs
  2 worms
  An adder simulacrum (D:5)
  4 leopard geckos
  27 orcs
  6 giant cockroaches
  7 hobgoblins
  8 jackals
  13 kobolds
  5 quokkas
  2 ball pythons (D:3)
  8 bats
  3 frilled lizards
  9 goblins
  A jackal zombie (D:5)
  A leopard gecko skeleton (D:6)
  2 quokka skeletons
  12 rats
238 creatures vanquished.

Vanquished Creatures (collateral kills)
  A troll (D:9)
1 creature vanquished.

Vanquished Creatures (others)
  4 plants (D:9)
4 creatures vanquished.

Grand Total: 243 creatures vanquished

Notes
Turn   | Place    | Note
-------+----------+-------------------------------------------
     0 | D:1      | Zeld the Octopode Gladiator began the quest for the Orb.
     0 | D:1      | Reached XP level 1. HP: 14/14 MP: 1/1
   201 | D:1      | Reached XP level 2. HP: 13/19 MP: 2/2
   622 | D:1      | Reached skill level 4 in Staves
   699 | D:1      | Reached XP level 3. HP: 24/24 MP: 3/3
  1081 | D:2      | Found a white marble altar of Elyvilon.
  1081 | D:2      | Noticed Terence
  1087 | D:2      | Killed Terence
  1088 | D:2      | Reached XP level 4. HP: 19/29 MP: 4/4
  1278 | D:2      | Reached skill level 5 in Staves
  1388 | D:2      | Noticed Sigmund
  1397 | D:2      | Killed Sigmund
  1398 | D:2      | Reached skill level 6 in Staves
  1398 | D:2      | Reached XP level 5. HP: 19/34 MP: 5/5
  1398 | D:2      | Reached XP level 6. HP: 22/39 MP: 6/6
  2407 | D:2      | Reached skill level 7 in Staves
  2756 | D:2      | Found a sparkling altar of Nemelex Xobeh.
  2875 | D:3      | Noticed Grinder
  2886 | D:3      | Paralysed by Grinder for 7 turns
  3028 | D:3      | Found a glowing drain.
  3051 | Sewer    | Entered a sewer
  3285 | Sewer    | Found a glowing silver altar of Zin.
  3875 | D:3      | Reached XP level 7. HP: 34/45 MP: 7/7
  4200 | D:3      | Killed Grinder
  4201 | D:3      | Reached skill level 8 in Staves
  4392 | D:3      | Found a shadowy altar of Dithmenos.
  5359 | D:4      | Found a runed translucent gate.
  5359 | D:4      | Found a runed translucent gate.
  5359 | D:4      | Noticed Zeld's ghost (amateur OpBr)
  5360 | D:4      | Found a runed translucent gate.
  5376 | D:4      | Found a shimmering altar of Xom.
  6001 | D:5      | Entered Level 5 of the Dungeon
  6009 | D:5      | Reached skill level 9 in Staves
  6012 | D:5      | Noticed solopath's ghost (amateur FoEE)
  6048 | D:5      | Found a runed translucent gate.
  6049 | D:5      | Found a runed translucent gate.
  6050 | D:5      | Found a runed translucent gate.
  6071 | D:5      | Reached XP level 8. HP: 49/50 MP: 8/8
  6279 | D:5      | Found a glowing silver altar of Zin.
  6523 | D:5      | Found a large runed translucent door.
  6524 | D:5      | Found a large runed translucent door.
  6610 | D:5      | Found a large runed translucent door.
  6610 | D:5      | Found a large runed translucent door.
  6666 | D:5      | Reached skill level 10 in Staves
  7359 | D:5      | Found Batu's Armour Emporium.
  7611 | D:6      | Found a radiant altar of Vehumet.
  7766 | D:6      | Found an opulent altar of Gozag.
  7950 | D:6      | Found a staircase to the Ecumenical Temple.
  8056 | Temple   | Entered the Ecumenical Temple
  8307 | D:6      | Reached skill level 11 in Staves
  8495 | D:6      | Reached XP level 9. HP: 34/54 MP: 9/9
  8840 | D:7      | Found a sacrificial altar of Ru.
 10031 | D:7      | Reached skill level 12 in Staves
 10060 | D:7      | Noticed Duvessa
 10060 | D:7      | Noticed Dowan
 10080 | D:7      | Killed Duvessa
 10132 | D:7      | Killed Dowan
 11815 | D:5      | Killed solopath's ghost
 12404 | D:4      | Killed Zeld's ghost
 12586 | D:8      | Reached skill level 13 in Staves
 13237 | D:8      | Found Enlecw's Antique Armour Boutique.
 13253 | D:8      | Reached XP level 10. HP: 54/60 MP: 10/10
 13458 | D:8      | Found a bloodstained altar of Trog.
 14145 | D:8      | Reached skill level 14 in Staves
 14758 | D:9      | Noticed Joseph
 16121 | D:9      | Killed Joseph
 16354 | D:9      | Found Jimnop's Distillery.
 16363 | D:9      | Bought a potion of curing for 39 gold pieces
 16363 | D:9      | Bought a potion of curing for 39 gold pieces
 16363 | D:9      | Bought a potion of flight for 39 gold pieces
 16363 | D:9      | Bought a potion of might for 52 gold pieces
 16363 | D:9      | Bought a potion of curing for 39 gold pieces
 16363 | D:9      | Bought a potion of heal wounds for 65 gold pieces
 16363 | D:9      | Bought a potion of curing for 39 gold pieces
 16363 | D:9      | Bought a potion of curing for 39 gold pieces
 16669 | D:9      | Reached skill level 5 in Throwing
 16794 | D:9      | Noticed Psyche
 16802 | D:9      | Killed Psyche
 17161 | D:9      | Noticed Erica
 17261 | D:9      | Killed Erica
 17937 | D:9      | Reached XP level 11. HP: 64/64 MP: 11/11
 18099 | D:9      | Found an iron altar of Okawaru.
 18117 | D:9      | Became a worshipper of Warmaster Okawaru
 18235 | D:9      | Found a staircase to the Lair.
 18265 | D:9      | Mangled by a komodo dragon

Illustrated notes

Levels and vault maps discovered:
D:1:      matt_arrival_grand_opening, layout_loops_ring
D:2:      wad_pebble_path, layout_basic, nicolae_overflow_hidden_temple,
          lemuel_crystal_altar, palyth_stone_intersect, hex_intersection,
          chequers_decorated_corner, kennysheep_generic_room_13, uniq_terence,
          uniq_sigmund
D:3:      layout_basic, lemuel_coloured_pillars_altar, gup_sewer_entry_glass,
          uniq_grinder
D:4:      layout_loops_ring, lemuel_crystal_altar, gammafunk_ghost_split
D:5:      layout_loops_ring, lemuel_doored_altar, gammafunk_ghost_icy,
          serial_shops, shop, minmay_hollow_rounded_squares
D:6:      layout_gridville, vehumet_crystals, lemuel_crystal_altar,
          minmay_temple_entry_mist
D:7:      layout_basic, nicolae_ru_awakened_eye, uniq_duvessa
D:8:      layout_basic, lemuel_crystal_altar, serial_shops, shop,
          nicolae_benzene_ring
D:9:      layout_roguey, kennysheep_little_box, david_lair_shrubbed,
          serial_shops, shop, uniq_psyche, uniq_erica, uniq_joseph
Temple:   hc_temple_tempest_star

Skill      XL: |  1  2  3  4  5  6  7  8  9 10 |
---------------+-------------------------------+-----
Staves         | 4 6 7 9 11 13 14 | 14.0
Throwing       | 8 |  8.4
Fighting       | |  2.0
Dodging        | |  3.0

Action                   |  1- 3 |  4- 6 |  7- 9 | 10-12 || total
-------------------------+-------+-------+-------+-------++-------
Melee: Quarterstaff      |    66 |   122 |   336 |   158 ||   682
       Constrict         |    13 |    30 |    65 |    30 ||   138
       Tentacles         |     7 |    24 |    68 |    42 ||   141
Throw: Dart              |       |       |       |    15 ||    15
Evoke: Wand              |       |       |       |     3 ||     3
  Use: Potion            |       |     1 |    11 |     1 ||    13
       Scroll            |       |       |    15 |     2 ||    17
 Stab: Sleeping          |     8 |     5 |     7 |     4 ||    24
       Distracted        |       |     1 |     3 |       ||     4
Armor: Skin              |     4 |     9 |    26 |     5 ||    44
Dodge: Dodged            |    51 |    84 |   172 |    69 ||   376
